 Dungeon Crawl Stone Soup version 0.26-a0-649-gf8c6c3aab7 (webtiles) character file.

Game seed: 12250951556717787017

942 Creed the Blocker (level 7, -4/57 HPs)
             Began as a Minotaur Fighter on Sept 27, 2020.
             Was an Initiate of Okawaru.
             Killed from afar by an electric eel (5 damage)
             ... with a bolt of electricity
             ... on level 6 of the Dungeon.
             The game lasted 00:05:50 (5006 turns).

Creed the Blocker (Minotaur Fighter)                Turns: 5006, Time: 00:05:52

Health: -4/57      AC: 16    Str: 22    XL:     7   Next: 88%
Magic:  6/6        EV:  6    Int:  5    God:    Okawaru [......]
Gold:   243        SH: 11    Dex: 10    Spells: 6/6 levels left

rFire    . . .     SeeInvis +   a - +0 war axe
rCold    . . .     Faith    .   c - +0 kite shield
rNeg     . . .     Spirit   .   u - +0 chain mail
rPois    .         Reflect  .   (helmet restricted)
rElec    .         Harm     .   b - +1 cloak {rCorr}
rCorr    +         Rampage  .   (no gloves)
MR       .....                  s - +0 pair of boots
Stlth    ..........             (no amulet)
HPRegen  0.19/turn              g - +4 ring of protection
MPRegen  0.10/turn              n - ring of see invisible

@: no status effects
A: retaliatory headbutt, horns 2
a: Renounce Religion


You were on level 6 of the Dungeon.
You worshipped Okawaru.
Okawaru was noncommittal.
You visited 1 branch of the dungeon, and saw 6 of its levels.

You collected 243 gold pieces.

Inventory:

Hand Weapons
 a - a +0 war axe (weapon)
Armour
 b - a +1 cloak of preservation (worn)
 c - a +0 kite shield (worn)
 s - a +0 pair of boots (worn)
 u - a +0 chain mail (worn)
Jewellery
 g - a +4 ring of protection (left hand)
 i - an uncursed ring of resist corrosion
 n - a ring of see invisible (right hand)
 y - an uncursed amulet of regeneration
Wands
 w - a wand of paralysis (6)
 A - a wand of random effects (16)
Scrolls
 e - a scroll of fear
 h - 2 scrolls of magic mapping
 l - a scroll of teleportation {unknown}
 m - 2 scrolls of immolation
 o - a scroll of random uselessness {unknown}
 q - 2 scrolls of remove curse {unknown}
 r - a scroll of amnesia
 x - a scroll of summoning {unknown}
Potions
 d - 3 potions of might
 f - a potion of invisibility {unknown}
 j - a potion of cancellation
 k - 2 potions of curing
 p - 3 potions of haste
 t - a potion of mutation
 v - a potion of brilliance
 z - 2 potions of lignification


   Skills:
 - Level 3.6 Fighting
 + Level 8.0 Axes
 - Level 3.6 Armour
 + Level 8.5 Shields


You had 6 spell levels left.
You didn't know any spells.
Your spell library was empty.

Dungeon Overview and Level Annotations

Branches:
Dungeon (6/15)
 Temple: D:4-7

Altars:
Gozag
Makhleb
Okawaru
Ru
Uskayaw
Wu Jian


Innate Abilities, Weirdness & Mutations

You reflexively headbutt those who attack you in melee.
You have a pair of horns on your head.


Message History

You are too injured to fight recklessly!
You are too injured to fight recklessly!
You are too injured to fight recklessly!
You are too injured to fight recklessly!
You are too injured to fight recklessly!
Unknown command.
You barely miss the electric eel. Your headbutt misses the electric eel.
The electric eel shoots out a bolt of lightning at you!
The bolt of electricity hits you!
* * * LOW HITPOINT WARNING * * *
You miss the electric eel. You miss the electric eel.
You slash the electric eel!
The electric eel is almost dead.
The electric eel shoots out a bolt of lightning at you!
The bolt of electricity hits you!
* * * LOW HITPOINT WARNING * * *
The electric eel shoots out a bolt of lightning at you!
The bolt of electricity hits you.
You die...

≈≈≈≈≈≈≈≈≈≈≈≈#
#≈≈≈≈≈≈≈≈≈≈≈ ≈≈
#.≈#≈≈≈≈#≈≈#≈≈≈
#≈≈≈≈≈≈≈≈≈#≈≈≈
.##≈≈≈≈≈≈≈≈≈≈≈#
.....≈≈≈≈≈≈≈..#
......≈;.≈≈.#
..≈.....
......†@!.?.#.###
.≈.≈...#
..........#.#...
..≈..≈.#
#.#...#.### #..
≈...≈.≈#
#.#.[.#.# ...
..≈..≈.#
#.#...#.# #.#
.≈.≈...#
#.#.†.#.# #.#
..≈..≈.#
#.##.##.#
####.####
≈...≈.≈#
#.......#
#..)).<.######
..≈..≈.#
#..>....#
#.##.##.......


You could see an electric eel.

Vanquished Creatures
  An orc warrior (D:4)
  A centaur (D:4)
  A jelly (D:5)
  A bullfrog skeleton (D:5)
  2 hounds
  Crazy Yiuf (D:4)
  2 orc wizards
  2 orc priests (D:5)
  A centaur skeleton (D:6)
  Natasha (thrice) (D:4)
  An iguana (D:6)
  3 worker ants
  A hound skeleton (D:5)
  A hound zombie (D:6)
  7 gnolls
  8 adders
  A white imp (D:5)
  An ufetubus (D:4)
  An adder skeleton (D:4)
  5 worms
  5 dart slugs
  3 leopard geckos
  11 orcs
  6 bats
  5 giant cockroaches
  7 goblins
  7 hobgoblins
  6 jackals
  6 kobolds
  2 quokkas
  4 frilled lizards
  10 rats
116 creatures vanquished.

Notes
Turn   | Place    | Note
-------+----------+-------------------------------------------
     0 | D:1      | Creed the Minotaur Fighter began the quest for the Orb.
     0 | D:1      | Reached XP level 1. HP: 19/19 MP: 0/0
   212 | D:1      | Reached XP level 2. HP: 26/26 MP: 1/1
   893 | D:2      | Reached XP level 3. HP: 31/31 MP: 2/2
  1040 | D:2      | Found a hide-covered altar of Uskayaw.
  1045 | D:2      | Noticed a +0 dagger
  1045 | D:2      | Noticed a +0 dagger
  1546 | D:3      | Reached XP level 4. HP: 39/39 MP: 3/3
  1591 | D:3      | Reached skill level 5 in Shields
  2348 | D:4      | Reached XP level 5. HP: 38/45 MP: 4/4
  2418 | D:4      | Reached skill level 5 in Axes
  2441 | D:4      | Noticed an orc warrior
  2763 | D:4      | Noticed a centaur
  2772 | D:4      | Killed a centaur
  2772 | D:4      | Reached XP level 6. HP: 44/51 MP: 5/5
  2845 | D:4      | Noticed Natasha
  2850 | D:4      | Killed Natasha
  2892 | D:4      | Noticed Natasha
  2895 | D:4      | Killed Natasha
  2900 | D:4      | Noticed Natasha
  2911 | D:4      | Killed Natasha
  3053 | D:4      | Found a runed translucent door.
  3054 | D:4      | Noticed Crazy Yiuf
  3109 | D:4      | Killed an orc warrior
  3423 | D:4      | Killed Crazy Yiuf
  3423 | D:4      | Reached XP level 7. HP: 57/57 MP: 6/6
  3446 | D:5      | Entered Level 5 of the Dungeon
  4641 | D:5      | Found an ornate altar of the Wu Jian Council.
  4652 | D:5      | Found an opulent altar of Gozag.
  4652 | D:5      | Found a burning altar of Makhleb.
  4654 | D:5      | Found a sacrificial altar of Ru.
  4655 | D:5      | Found an iron altar of Okawaru.
  4813 | D:5      | Became a worshipper of Warmaster Okawaru
  5006 | D:6      | HP: 1/57 [electric eel/bolt of electricity (11)]
  5006 | D:6      | Killed from afar by an electric eel

Illustrated notes

Levels and vault maps discovered:
D:1:      nicolae_arrival_washed_ashore, layout_basic, minmay_fountain_box,
          minmay_ruptured
D:2:      layout_loops_ring, dancing_weapons_uskayaw
D:3:      layout_basic
D:4:      layout_rooms, minmay_misc_feat_x, uniq_natasha,
          uniq_crazy_yiuf_cottage
D:5:      layout_loops_corners, minitemple, nicolae_sextant
D:6:      kennysheep_slugbush, layout_loops_cross, kennysheep_doodads,
          uniq_pikel

Skill      XL: |  1  2  3  4  5  6  7 |
---------------+----------------------+-----
Shields        | 4 5 6 7 8 |  8.5
Axes           | 3 4 5 6 8 |  8.0
Fighting       | |  3.6
Armour         | |  3.6

Action                   |  1- 3 |  4- 6 |  7- 9 || total
-------------------------+-------+-------+-------++-------
Melee: War axe           |   101 |   138 |   112 ||   351
       Headbutt          |    16 |    26 |    19 ||    61
  Use: Scroll            |       |       |    10 ||    10
Armor: Scale mail        |    43 |    62 |       ||   105
       Chain mail        |       |    21 |    48 ||    69
Dodge: Dodged            |    29 |    44 |    25 ||    98
Block: Kite shield       |    53 |    71 |    49 ||   173

Table legend: (Time is in decaauts)
 A = Elapsed time spent in this place.
 B = Non-inter-level travel time spent in this place.
 C = Inter-level travel time spent in this place.
 D = Time resting spent in this place.
 E = Time spent auto-exploring this place.
 F = Levels seen in this place.
 G = Mean time per level.
                   A        B        C        D        E       F      G
               +--------+--------+--------+--------+--------+-----+--------+
         Total |   5115 |   4926 |    189 |    708 |   3360 |   6 |  852.5 |
       Dungeon |   5115 |   4926 |    189 |    708 |   3360 |   6 |  852.5 |
               +--------+--------+--------+--------+--------+-----+--------+

Top non-repeatable levels by time:
     D:5: 1410 daAuts
     D:3: 1034 daAuts
     D:4: 940 daAuts
     D:2: 852 daAuts
     D:1: 709 daAuts
     D:6: 167 daAuts
